SKY
CLEVELAND INDIANS @ MIAMI MARLINS
05/26/2052
 
TOP OF THE 1ST
Cleveland Indians batting - Pitching for Miami Marlins : RHP Billy Ott
Pitching: RHP Billy Ott
Batting: RHB Cowboy Beyer 0-0: SINGLE (Line Drive, 9LS, EV 109.4 MPH)
Batting: LHB Jonathan DeMarino 0-0: Called Strike
0-1: Ball
Cowboy Beyer is caught stealing 2nd base 2-6
1-1: Foul Ball, location: 7LDF
1-2: Ball
2-2: SINGLE (Groundball, 4MD, EV 101.9 MPH)
Batting: RHB Chia-Wei Ni 0-0: Foul Ball, location: 9LSF
0-1: Foul Ball, location: 5F
0-2: Foul Ball, location: 2F
0-2: Strikes out looking
Batting: LHB Harrison Waite 0-0: Swinging Strike
0-1: Called Strike
0-2: Strikes out swinging
Top of the 1st over - 0 runs, 2 hits, 0 errors, 1 left on base; Cleveland 0 - Miami 0
BOTTOM OF THE 1ST
Miami Marlins batting - Pitching for Cleveland Indians : RHP Ray Bernard
Pitching: RHP Ray Bernard
Batting: LHB Michael Clark 0-0: Called Strike
0-1: Ball
1-1: Called Strike
1-2: Foul Ball, location: 5DF
1-2: Ball
2-2: Ball
3-2: Ground out 2-3 (Groundball, 13S, EV 66.3 MPH)
Batting: LHB Joshua Roberts 0-0: Swinging Strike
0-1: Ball
1-1: Swinging Strike
1-2: Foul Ball, location: 2LF
1-2: Strikes out swinging
Batting: LHB Russ Hicks 0-0: SINGLE (Flyball, 78S, EV 89.4 MPH)
Batting: LHB Elijah Mitchell 0-0: Called Strike
0-1: Foul Ball, location: 2F
0-2: Ball
1-2: Strikes out swinging
Bottom of the 1st over - 0 runs, 1 hit, 0 errors, 1 left on base; Cleveland 0 - Miami 0
TOP OF THE 2ND
Cleveland Indians batting - Pitching for Miami Marlins : RHP Billy Ott
Batting: LHB Anibal Gaines 0-0: Foul Ball, location: 9LSF
0-1: Foul Ball, location: 2F
0-2: Foul Ball, location: 7LSF
0-2: Ball
1-2: Strikes out swinging
Batting: RHB Antony Olguin 0-0: Called Strike
0-1: Called Strike
0-2: Strikes out swinging
Batting: SHB Bryce Rudzinski 0-0: Swinging Strike
0-1: Foul Ball, location: 7LDF
0-2: Ball
1-2: Ball
2-2: Ball
3-2: Base on Balls
Batting: RHB Erik Guzman 0-0: Called Strike
0-1: Ball
1-1: Ball
2-1: Foul Ball, location: 3SF
2-2: Fly out, F8 (Flyball, 8LXD, EV 98.8 MPH)
Top of the 2nd over - 0 runs, 0 hits, 0 errors, 1 left on base; Cleveland 0 - Miami 0
BOTTOM OF THE 2ND
Miami Marlins batting - Pitching for Cleveland Indians : RHP Ray Bernard
Batting: LHB Standen Mocadlo 0-0: Called Strike
0-1: Foul Ball, location: 2F
0-2: Fly out, F7 (Flyball, 7, EV 91.9 MPH)
Batting: LHB David Almager 0-0: Ball
1-0: Called Strike
1-1: Foul Ball, location: 2F
1-2: Ball
2-2: Strikes out swinging
Batting: RHB Shelly Banks 0-0: Ball
1-0: Swinging Strike
1-1: Ball
2-1: Swinging Strike
2-2: Ball
3-2: Strikes out swinging
Bottom of the 2nd over - 0 runs, 0 hits, 0 errors, 0 left on base; Cleveland 0 - Miami 0
TOP OF THE 3RD
Cleveland Indians batting - Pitching for Miami Marlins : RHP Billy Ott
Batting: RHB Cory Martínez 0-0: Called Strike
0-1: Fly out, F9 (Flyball, 9D, EV 110.6 MPH)
Batting: RHB Cowboy Beyer 0-0: Called Strike
0-1: Fly out, F5 (Line Drive, 5, EV 68.1 MPH)
Batting: LHB Jonathan DeMarino 0-0: Swinging Strike
0-1: Swinging Strike
0-2: Ball
1-2: Ball
2-2: Ball
3-2: Foul Ball, location: 25F
3-2: Foul Ball, location: 2F
3-2: Ground out U3 (Groundball, 3, EV 100.6 MPH)
Top of the 3rd over - 0 runs, 0 hits, 0 errors, 0 left on base; Cleveland 0 - Miami 0
BOTTOM OF THE 3RD
Miami Marlins batting - Pitching for Cleveland Indians : RHP Ray Bernard
Batting: LHB Kyle Campbell 0-0: Called Strike
0-1: Ball
1-1: Ball
2-1: SINGLE (Groundball, 6, EV 102.5 MPH) (infield hit)
Batting: RHB Alex Simpson 0-0: Bunted foul
0-1: Sac Bunt to P - play at first, batter OUT! 1-3
Kyle Campbell to second
Batting: LHB Michael Clark 0-0: Called Strike
0-1: Ball
1-1: Ball
2-1: Fly out, F9 (Flyball, 9, EV 98.1 MPH)
Batting: LHB Joshua Roberts 0-0: Swinging Strike
0-1: Swinging Strike
0-2: Foul Ball, location: 3F
0-2: Fly out, F6 (Popup, 6S, EV 66.3 MPH)
Bottom of the 3rd over - 0 runs, 1 hit, 0 errors, 1 left on base; Cleveland 0 - Miami 0
TOP OF THE 4TH
Cleveland Indians batting - Pitching for Miami Marlins : RHP Billy Ott
Batting: RHB Chia-Wei Ni 0-0: Called Strike
0-1: Called Strike
0-2: Strikes out swinging
Batting: LHB Harrison Waite 0-0: Hit by Pitch
Pinch Runner at 1st Dominic Hodgkins:
Batting: LHB Anibal Gaines 0-0: Ball
1-0: Foul Ball, location: 3DF
1-1: Swinging Strike
1-2: Ball
2-2: Fly out, F4 (Flyball, 4D, EV 92.5 MPH)
Batting: RHB Antony Olguin 0-0: Called Strike
0-1: Swinging Strike
0-2: Ball
1-2: Ball
2-2: Ball
Wild Pitch!
Dominic Hodgkins to second
3-2: Base on Balls
Batting: SHB Bryce Rudzinski 0-0: Ball
1-0: Ground out 3-1 (Groundball, 34, EV 89.4 MPH)
Top of the 4th over - 0 runs, 0 hits, 0 errors, 2 left on base; Cleveland 0 - Miami 0
BOTTOM OF THE 4TH
Miami Marlins batting - Pitching for Cleveland Indians : RHP Ray Bernard
Now in CF: Dominic Hodgkins
Now in RF: Chia-Wei Ni
Batting: LHB Russ Hicks 0-0: Ball
1-0: Ground out 6-3 (Groundball, 6, EV 85.6 MPH)
Batting: LHB Elijah Mitchell 0-0: Foul Ball, location: 25FF
0-1: Called Strike
0-2: Ball
1-2: Foul Ball, location: 2F
1-2: Foul Ball, location: 2F
1-2: Ball
2-2: Ball
3-2: Foul Ball, location: 2F
3-2: Foul Ball, location: 3F
3-2: Ground out U3 (Groundball, 3, EV 80.6 MPH)
Batting: LHB Standen Mocadlo 0-0: Ball
1-0: SINGLE (Flyball, 89S, EV 95.6 MPH)
Batting: LHB David Almager 0-0: Called Strike
0-1: Ball
1-1: Ball
2-1: Foul Ball, location: 7LSF
2-2: Strikes out swinging
Bottom of the 4th over - 0 runs, 1 hit, 0 errors, 1 left on base; Cleveland 0 - Miami 0
TOP OF THE 5TH
Cleveland Indians batting - Pitching for Miami Marlins : RHP Billy Ott
Batting: RHB Erik Guzman 0-0: Ball
1-0: Called Strike
1-1: Called Strike
1-2: Hit by Pitch
Batting: RHB Cory Martínez 0-0: Called Strike
0-1: Bunted foul
0-2: Grounds into double play, 4-6-3 (Groundball, 4M, EV 107.5 MPH)
Batting: RHB Cowboy Beyer 0-0: Foul Ball, location: 5FF
0-1: Foul Ball, location: 2F
0-2: Ball
1-2: Foul Ball, location: 7LDF
1-2: Ball
2-2: Strikes out swinging
Top of the 5th over - 0 runs, 0 hits, 0 errors, 0 left on base; Cleveland 0 - Miami 0
BOTTOM OF THE 5TH
Miami Marlins batting - Pitching for Cleveland Indians : RHP Ray Bernard
Batting: RHB Shelly Banks 0-0: Called Strike
0-1: Foul Ball, location: 5FF
0-2: Ground out 3-1 (Groundball, 34S, EV 86.3 MPH)
Pitching: LHP Cesaro Cavazos
Batting: LHB Kyle Campbell 0-0: Called Strike
0-1: Ball
1-1: Ground out 4-3 (Groundball, 4M, EV 90.0 MPH)
Batting: RHB Alex Simpson 0-0: Ground out 5-3 (Groundball, 56, EV 81.3 MPH)
Bottom of the 5th over - 0 runs, 0 hits, 0 errors, 0 left on base; Cleveland 0 - Miami 0
TOP OF THE 6TH
Cleveland Indians batting - Pitching for Miami Marlins : RHP Billy Ott
Batting: LHB Jonathan DeMarino 0-0: Swinging Strike
0-1: Called Strike
0-2: Ball
1-2: Fly out, F4 (Popup, 23, EV 95.6 MPH)
Batting: RHB Chia-Wei Ni 0-0: Swinging Strike
0-1: Ball
1-1: Swinging Strike
1-2: Ball
2-2: Strikes out swinging
Batting: RHB Dominic Hodgkins 0-0: SINGLE (Groundball, 6MD, EV 108.1 MPH)
Batting: LHB Anibal Gaines 0-0: Called Strike
0-1: Foul Ball, location: 3FF
0-2: Ground out 4-3 (Groundball, 34D, EV 94.4 MPH)
Top of the 6th over - 0 runs, 1 hit, 0 errors, 1 left on base; Cleveland 0 - Miami 0
BOTTOM OF THE 6TH
Miami Marlins batting - Pitching for Cleveland Indians : LHP Cesaro Cavazos
Batting: LHB Michael Clark 0-0: Called Strike
0-1: Swinging Strike
0-2: Reached on error, E6 (Groundball, 6, EV 87.5 MPH)
Batting: LHB Joshua Roberts 0-0: Ball
1-0: Called Strike
1-1: Ground out U3 (Groundball, 34, EV 103.1 MPH)
Michael Clark to third
Batting: LHB Russ Hicks 0-0: Called Strike
0-1: Ball
1-1: SINGLE (Line Drive, 34D, EV 96.3 MPH)
Michael Clark scores
Batting: LHB Elijah Mitchell 0-0: Ball
1-0: Swinging Strike
1-1: Called Strike
1-2: Foul Ball, location: 7LDF
1-2: Ball
2-2: Strikes out swinging
Pitching: RHP Andrea Rivero
Batting: LHB Standen Mocadlo 0-0: Fly out, F2 (Popup, 2RF, EV 90.0 MPH)
Bottom of the 6th over - 1 run, 1 hit, 1 error, 1 left on base; Cleveland 0 - Miami 1
TOP OF THE 7TH
Cleveland Indians batting - Pitching for Miami Marlins : RHP Billy Ott
Pitching: LHP Ricky Conklin
Batting: RHB Antony Olguin 0-0: SINGLE (Line Drive, 3D, EV 98.8 MPH)
Batting: SHB Bryce Rudzinski 0-0: Ball
1-0: Ball
2-0: Grounds into double play, 5-4-3 (Groundball, 5, EV 100.6 MPH)
Batting: RHB Erik Guzman 0-0: SINGLE (Line Drive, 34, EV 100.0 MPH)
Batting: RHB Cory Martínez 0-0: Foul Ball, location: 9LDF
0-1: Fly out, F7 (Flyball, 78M, EV 84.4 MPH)
Top of the 7th over - 0 runs, 2 hits, 0 errors, 1 left on base; Cleveland 0 - Miami 1
BOTTOM OF THE 7TH
Miami Marlins batting - Pitching for Cleveland Indians : RHP Andrea Rivero
Batting: LHB David Almager 0-0: Swinging Strike
0-1: Called Strike
0-2: Ground out U3 (Groundball, 3, EV 88.1 MPH)
Batting: RHB Shelly Banks 0-0: Ball
1-0: Ball
2-0: Ball
3-0: Base on Balls
Batting: LHB Kyle Campbell 0-0: Ball
1-0: Ball
2-0: Ball
3-0: Base on Balls
Shelly Banks to second
Batting: RHB Alex Simpson 0-0: Called Strike
0-1: SINGLE (Groundball, 6MD, EV 95.6 MPH)
Shelly Banks to third
Kyle Campbell to second
Runner from 3rd tries for Home, SAFE, throw by CF to home
Batting: LHB Michael Clark 0-0: Ball
1-0: Foul Ball, location: 2F
1-1: Ball
2-1: Foul Ball, location: 2F
2-2: Fly out, F4 (Line Drive, 4, EV 64.4 MPH)
Batting: LHB Joshua Roberts 0-0: Ball
1-0: Foul Ball, location: 25F
1-1: SINGLE (Groundball, 4MS, EV 75.6 MPH) (infield hit)
Kyle Campbell to third
Alex Simpson to second
Batting: LHB Russ Hicks 0-0: Called Strike
0-1: SINGLE (Line Drive, 56D, EV 100.6 MPH)
Kyle Campbell scores
Alex Simpson to third
Joshua Roberts to second
Runner from 3rd tries for Home, SAFE, throw by LF to home
Pitching: RHP Max Gilchrist
Batting: LHB Elijah Mitchell 0-0: Ball
1-0: Fly out, F2 (Popup, 5SF, EV 81.3 MPH)
Bottom of the 7th over - 3 runs, 3 hits, 0 errors, 2 left on base; Cleveland 0 - Miami 4
TOP OF THE 8TH
Cleveland Indians batting - Pitching for Miami Marlins : LHP Ricky Conklin
Batting: RHB Cowboy Beyer 0-0: SINGLE (Line Drive, 34, EV 103.8 MPH)
Batting: LHB Jonathan DeMarino 0-0: Called Strike
0-1: Swinging Strike
0-2: Grounds into double play, 4-6-3 (Groundball, 4, EV 82.5 MPH)
Batting: RHB Chia-Wei Ni 0-0: Ball
1-0: Foul Ball, location: 2F
1-1: Swinging Strike
1-2: DOUBLE (Line Drive, 78D, EV 104.4 MPH)
Batting: RHB Dominic Hodgkins 0-0: 2-RUN HOME RUN (Flyball, 9LD, EV 95.0 MPH), Distance : 359 ft
Batting: LHB Anibal Gaines 0-0: Swinging Strike
0-1: Foul Ball, location: 2F
0-2: Ball
1-2: Ground out 6-3 (Groundball, 6, EV 79.4 MPH)
Top of the 8th over - 2 runs, 3 hits, 0 errors, 0 left on base; Cleveland 2 - Miami 4
BOTTOM OF THE 8TH
Miami Marlins batting - Pitching for Cleveland Indians : RHP Max Gilchrist
Pitching: LHP Ernest Martines
Batting: LHB Standen Mocadlo 0-0: Ball
1-0: DOUBLE (Line Drive, 9LM, EV 89.4 MPH)
Pinch Hitting: RHB Yovi Pizana 0-0: Intentional Walk
Batting: RHB Shelly Banks 0-0: Fly out, F9 (Flyball, 9S, EV 90.6 MPH)
Batting: LHB Kyle Campbell 0-0: Ball
1-0: Ground out 6-3 (Groundball, P, EV 91.3 MPH)
Standen Mocadlo to third
Yovi Pizana to second
Batting: RHB Alex Simpson 0-0: Called Strike
0-1: Ball
1-1: Ball
2-1: Ball
3-1: Ground out 6-3 (Groundball, 6, EV 91.9 MPH)
Bottom of the 8th over - 0 runs, 1 hit, 0 errors, 2 left on base; Cleveland 2 - Miami 4
TOP OF THE 9TH
Cleveland Indians batting - Pitching for Miami Marlins : LHP Ricky Conklin
Now at 3B: Matías Iñiguez
Batting: RHB Antony Olguin 0-0: Foul Ball, location: 5F
0-1: Foul Ball, location: 9LDF
0-2: Ball
1-2: Strikes out swinging
Pinch Hitting: RHB Scott Tremblay 0-0: Ball
1-0: SINGLE (Groundball, 6S, EV 70.0 MPH) (infield hit)
Batting: RHB Erik Guzman 0-0: Fielders Choice at 2nd, 5-4 (Groundball, 56, EV 80.6 MPH)
Pinch Hitting: RHB Gabriel Almonte 0-0: Ball
1-0: DOUBLE (Line Drive, 89XD, EV 102.5 MPH)
Erik Guzman to third
Batting: RHB Cowboy Beyer 0-0: 3-RUN HOME RUN (Flyball, 9D, EV 96.3 MPH), Distance : 379 ft
Pitching: RHP Calbert Gavin
Batting: LHB Jonathan DeMarino 0-0: Foul Ball, location: 3F
0-1: Ball
1-1: Swinging Strike
1-2: Foul Ball, location: 9LSF
1-2: Strikes out looking
Top of the 9th over - 3 runs, 3 hits, 0 errors, 0 left on base; Cleveland 5 - Miami 4
BOTTOM OF THE 9TH
Miami Marlins batting - Pitching for Cleveland Indians : LHP Ernest Martines
Now at C: Paquito Peña
Now at SS: Chia-Wei Ni
Now in RF: Scott Tremblay
Pinch Hitting: RHB Tom Gula 0-0: Called Strike
0-1: Fly out, F8 (Flyball, 89S, EV 89.4 MPH)
Batting: LHB Joshua Roberts 0-0: Ball
1-0: Swinging Strike
1-1: Ball
2-1: Ball
3-1: SINGLE (Groundball, 23, EV 66.3 MPH) (infield hit)
Batting: LHB Russ Hicks 0-0: Foul Ball, location: 2F
0-1: Called Strike
0-2: Ball
1-2: Grounds into double play, 4-6-3 (Groundball, 4S, EV 84.4 MPH)
Bottom of the 9th over - 0 runs, 1 hit, 0 errors, 0 left on base; Cleveland 5 - Miami 4
Monday, April 22nd , 2024 - OOTP Baseball 24.11 Build 85